[Event "Late-Titled-Tuesday-Blitz-June-04-2024"]
[Site "Chess.com"]
[Date "2024.06.04"]
[Round "5"]
[White "Revan_2002"]
[Black "jaskol95"]
[Result "1-0"]
[WhiteElo "2801"]
[BlackElo "2571"]
[TimeControl "180+1"]
[EndTime "14:54:55 PDT"]
[Termination "Revan_2002 won by checkmate"]

1. c4 e6 2. Nf3 d5 3. g3 Nf6 4. Bg2 Be7 5. O-O O-O 6. b3 b6 7. Bb2 Bb7 8. e3 Nbd7 9. Qe2 dxc4 10. bxc4 c5 11. Nc3 Ne4 12. Nxe4 Bxe4 13. d3 Bb7 14.
Rfd1 Bf6 15. a4 Bxb2 16. Qxb2 Qf6 17. Qxf6 Nxf6 18. a5 Rfd8 19. Ne5 Bxg2 20. Kxg2 Rd6 21. axb6 Rxb6 22. Ra5 g6 23. Rxc5 a5 24. Ra1 a4 25.
Rb5 Rxb5 26. cxb5 Ra5 27. Nc4 Rxb5 28. Rxa4 Rb7 29. h3 Kg7 30. g4 h5 31. g5 Nd5 32.
h4 Nb4 33. Nd6 Rd7 34. Ne8+ Kf8 35. Nf6 Rb7 36. d4 Nd5 37. Nxd5 exd5 38. Ra5 Rd7 39. Kf3 Ke7 40. Kf4 f6 41. gxf6+ Kxf6 42. Ra6+ Kg7 43.
Kg5 Kh7 44. Rxg6 Rf7 45. Rf6 Rg7+ 46. Kxh5 Rg2 47. Rf5 Rg1 48. Rxd5 Rg2 49. Rf5 Rg1 50. d5 Rd1 51. e4 Rd4 52. f3 Rd3 53. Kg5 Rd4 54.
Kf6 Rd3 55. Ke7 Ra3 56. d6 Ra7+ 57. d7 Rb7 58. Ke8 Rb6 59. d8=Q Rg6 60. Qe7+ Kh6 61.
Qf8+ Kh7 62. Rh5+ Rh6 63. Rxh6# 1-0

[Event "Late-Titled-Tuesday-Blitz-June-04-2024"]
[Site "Chess.com"]
[Date "2024.06.04"]
[Round "5"]
[White "tactic"]
[Black "WilliamAlfaroCaracas"]
[Result "1-0"]
[WhiteElo "2567"]
[BlackElo "2382"]
[TimeControl "180+1"]
[EndTime "14:54:55 PDT"]
[Termination "tactic won on time"]

1. Nf3 c5 2. g3 g6 3. Bg2 Bg7 4. c4 Nc6 5. O-O d6 6. Nc3 e5 7. d3 Nge7 8. h4 O-O 9. Bg5 f6 10. Be3 Be6 11. Qd2 Qd7 12. Bh6 b6 13. e4 Rf7 14.
Bxg7 Kxg7 15. Kh2 h6 16. Nd5 Raf8 17. a3 f5 18. Ng1 f4 19. gxf4 exf4 20. Qc3+ Kh7 21.
Nf3 Bg4 22. Rh1 Bxf3 23. Bxf3 Nd4 24. Kg2 Nec6 25. Bd1 f3+ 26. Kf1 Ne5 27. b4 Qg4 28.
Ne3 Qh5 29. a4 g5 30. a5 g4 31. axb6 axb6 32. Ra6 g3 33. fxg3 Ne2 34. Bxe2 fxe2+ 35. Ke1 Rf1+ 36. Nxf1 exf1=Q+ 37. Rxf1 Rxf1+ 38. Kxf1 Qd1+ 39. Kf2 Qf3+ 40. Ke1 1-0

[Event "Late-Titled-Tuesday-Blitz-June-04-2024"]
[Site "Chess.com"]
[Date "2024.06.04"]
[Round "5"]
[White "malti"]
[Black "PapaieDudu"]
[Result "1-0"]
[WhiteElo "2140"]
[BlackElo "2325"]
[TimeControl "180+1"]
[EndTime "14:54:55 PDT"]
[Termination "malti won by resignation"]

1. e4 c5 2. Nf3 d6 3. d4 cxd4 4. Nxd4 Nf6 5. Nc3 a6 6. Nb3 e6 7.
g4 h6 8. Be3 Be7 9. Qe2 O-O 10.
O-O-O Qc7 11. g5 hxg5 12. Bxg5 b5 13. Rg1 Rd8 14. Qf3 Kf8 15. Nd4 Bb7 16. Bh3 b4 17. Bxf6 Bxf6 18. Nce2 Nd7 19. Bxe6 Ne5 20. Qh5 Rac8 21.
Bxc8 Rxc8 22. Kb1 Bxe4 23. Rc1 Nc4 24. Qg4 Bg6 25. Qf3 Nd2+ 26. Ka1 Nxf3 27. Nxf3 Bxc2 28. Nfd4 b3 29. Nxb3 Bxb2+ 30. Kxb2 Qb6 31. Rxc2 Rxc2+ 32.
Kxc2 Qxf2 33. Nd4 Qxh2 34. Rb1 g6 35. Rb8+ Kg7 36. Kd3 d5 37. Rb7 Qe5 38. Nc3 g5 39. Rd7 g4 40. Rxd5 Qf6 41. Rf5 Qg6 42. Ne4 Kf8 43.
Rf6 Qh7 44. Nf5 Qh8 45. Kd4 Ke8 46. Kd5 a5 47. Nfd6+ Kd8 48. Nxf7+ Ke7 49. Nxh8 g3 50. Rg6 g2 51. Rxg2 a4 52. Re2 a3 53. Rc2 1-0

[Event "Late-Titled-Tuesday-Blitz-June-04-2024"]
[Site "Chess.com"]
[Date "2024.06.04"]
[Round "5"]
[White "Squirlolz"]
[Black "NovakRatko"]
[Result "1-0"]
[WhiteElo "2504"]
[BlackElo "2297"]
[TimeControl "180+1"]
[EndTime "14:54:56 PDT"]
[Termination "Squirlolz won by resignation"]

1. c3 d5 2. d4 c5 3. Bf4 cxd4 4.
cxd4 Nc6 5. Nc3 f6 6. Nf3 Bg4 7. e3 e5 8. dxe5 fxe5 9. Bg5 Bxf3 10. Qxf3 Qxg5 11. Nxd5 O-O-O 12. Rc1 Nf6 13. Bc4 e4 14.
Qh3+ Qg4 15. Qxg4+ Nxg4 16. Nf4 Bb4+ 17. Kf1 Nge5 18.
g3 Nxc4 19. Rxc4 g5 20. Ne6 Rd1+ 21. Kg2 Rxh1 22. Kxh1 Re8 23. Rxe4 Rg8 24. Kg2 g4 25. h3 h5 26. Nf4 Rh8 27. hxg4 hxg4 28. Ng6 Rg8 29. Rxg4 Kc7 30. Ne5 Rd8 31. Nxc6 bxc6 32. Rxb4 Rd2 33. g4 c5 34. Rb3 Kc6 35. Kf3 c4 36. Ra3 Kb6 37. Ra4 Rxb2 38. Rxc4 Rxa2 39.
g5 Ra5 40. g6 Rg5 41. Rg4 1-0

[Event "Late-Titled-Tuesday-Blitz-June-04-2024"]
[Site "Chess.com"]
[Date "2024.06.04"]
[Round "5"]
[White "Zampronha1971"]
[Black "carloseduar100"]
[Result "0-1"]
[WhiteElo "2404"]
[BlackElo "2271"]
[TimeControl "180+1"]
[EndTime "14:54:56 PDT"]
[Termination "carloseduar100 won on time"]

1. e4 e6 2. d4 d5 3. Nc3 Nf6 4.
e5 Nfd7 5. f4 c5 6. Nf3 Nc6 7.
Be3 Qb6 8. Na4 Qc7 9. dxc5 Qa5+ 10. c3 b5 11. cxb6 axb6 12. b4 Nxb4 13. cxb4 Bxb4+ 14. Kf2 Qxa4 15. Qxa4 Rxa4 16. Bb5 Ra3 17. Bxb6 O-O 18.
Bxd7 Bxd7 19. Rhc1 Rb8 20. Bc5 Bxc5+ 21. Rxc5 Rb2+ 22.
Kg3 Raxa2 23. Rxa2 Rxa2 24. Rc7 Be8 25. Nd4 Ra4 26.
Rc8 Kf8 27. Nb5 Rc4 28. Ra8 Ke7 29. Nd6 Bd7 30. Nxc4 dxc4 31. Kf2 Bc6 32. Ra7+ Ke8 33. Ke3 Bxg2 34. Kd4 Bd5 35. Rc7 g6 36. h4 Kf8 37. Kc5 Kg7 38. Kd6 Kf8 39. Rc8+ Kg7 40. Ke7 g5 0-1

[Event "Late-Titled-Tuesday-Blitz-June-04-2024"]
[Site "Chess.com"]
[Date "2024.06.04"]
[Round "5"]
[White "Evan_Attaker"]
[Black "jefferyx"]
[Result "0-1"]
[WhiteElo "2696"]
[BlackElo "3080"]
[TimeControl "180+1"]
[EndTime "14:54:57 PDT"]
[Termination "jefferyx won by checkmate"]

1. a3 d5 2. Nf3 Nf6 3. c4 d4 4. b4 c5 5. Bb2 Nc6 6. e3 e5 7. b5 e4 8. bxc6 exf3 9. exd4 Qe7+ 10. Be2 fxe2 11. Qa4 b6 12. d5 Qe4 13. Nc3 Qxg2 14.
Kxe2 Bg4+ 15. Kd3 Qf3+ 16. Kc2 Bd6 17. Rhe1+ Kf8 18. Nb5 Bf5+ 19. Kc1 Qxf2 20. Rd1 Qxh2 21. Qa6 Bc8 22. Qa4 Ne8 23. Re1 Bf4 24. Bc3 a6 25. c7 Bd7 26. Rb1 Nxc7 27. d6 Bxd6 28. Qc2 axb5 29. cxb5 Nxb5 30. Rxb5 Bxb5 31. Qb2 Qg3 32.
Re3 Qg1+ 33. Kc2 Ba4+ 34. Kd3 Qf1+ 35. Ke4 Bc6# 0-1

[Event "Late-Titled-Tuesday-Blitz-June-04-2024"]
[Site "Chess.com"]
[Date "2024.06.04"]
[Round "5"]
[White "Valiyev_Shahin"]
[Black "pinelone"]
[Result "1-0"]
[WhiteElo "2566"]
[BlackElo "2414"]
[TimeControl "180+1"]
[EndTime "14:54:58 PDT"]
[Termination "Valiyev_Shahin won by checkmate"]

1. e4 c6 2. d4 d5 3. Nc3 dxe4 4. Nxe4 Nf6 5. Nxf6+ exf6 6. Be3 Bd6 7. Bd3 O-O 8. Ne2 Nd7 9. O-O Re8 10. c4 Nf8 11.
Qc2 Ng6 12. Rad1 Bd7 13. d5 c5 14. Ng3 Qc7 15. b4 Rac8 16. bxc5 Bxc5 17. Bxc5 Qxc5 18.
Ne4 Qc7 19. c5 Re5 20. Nd6 Rd8 21. Qc4 Bc8 22. Nb5 Qb8 23. c6 bxc6 24. dxc6 Be6 25. c7 Bxc4 26. cxb8=Q Rxb8 27. Bxc4 Rexb5 28. Bxb5 Rxb5 29.
Rd8+ Nf8 30. Rc1 g6 31. h4 Kg7 32. a4 Rb4 33. Ra1 Ne6 34. Ra8 Rb7 35. a5 Nc5 36. a6 Re7 37. Ra5 Nb3 38. Rb5 Nd4 39. Rb7 Re1+ 40.
Kh2 h5 41. Raxa7 g5 42. Rxf7+ Kg6 43. Rg7+ Kf5 44. hxg5 fxg5 45. Raf7+ Kg4 46. a7 h4 47. a8=Q Ne2 48. Qf3# 1-0

[Event "Late-Titled-Tuesday-Blitz-June-04-2024"]
[Site "Chess.com"]
[Date "2024.06.04"]
[Round "5"]
[White "alex1531"]
[Black "TanitoluwaAps116"]
[Result "0-1"]
[WhiteElo "2444"]
[BlackElo "2708"]
[TimeControl "180+1"]
[EndTime "14:54:59 PDT"]
[Termination "TanitoluwaAps116 won by resignation"]

1. d4 Nf6 2. Bg5 e6 3. e4 h6 4. Bxf6 Qxf6 5. c3 d6 6. Nd2 e5 7. d5 g6 8. Ngf3 h5 9. Bb5+ Nd7 10. Qe2 a6 11. Ba4 Bh6 12. O-O g5 13. Ne1 g4 14.
f3 Qf4 15. Rd1 b5 16. Bc2 Nf6 17. Kh1 h4 18. Nd3 Qe3 19. Qxe3 Bxe3 20. f4 Nh5 21. g3 hxg3 22. fxe5 gxh2 23. Kg2 g3 24. Rf3 Bxd2 25. Rxd2 Bg4 26. Rf1 Ke7 27. exd6+ cxd6 28. e5 Rag8 29.
exd6+ Kxd6 30. b4 Bh3+ 31. Kh1 Bxf1 32. Nf4 Nxf4 0-1

[Event "Late-Titled-Tuesday-Blitz-June-04-2024"]
[Site "Chess.com"]
[Date "2024.06.04"]
[Round "5"]
[White "HowTo2Draw"]
[Black "sergiochess83"]
[Result "1-0"]
[WhiteElo "2605"]
[BlackElo "2870"]
[TimeControl "180+1"]
[EndTime "14:54:59 PDT"]
[Termination "HowTo2Draw won by resignation"]

1. c4 e5 2. Nc3 Nf6 3. Nf3 Nc6 4. g3 Bb4 5. Bg2 O-O 6. O-O Bxc3 7. dxc3 h6 8. c5 Re8 9. Nd2 e4 10. Nc4 b6 11.
Be3 Qe7 12. b4 Ba6 13. Na3 Ng4 14. Bd4 bxc5 15. Bxc5 d6 16. Bd4 Bb7 17. Nc2 Nce5 18.
Bxe5 Qxe5 19. Qd4 Qh5 20. h3 Nf6 21. Ne3 a5 22. Rfe1 Qg5 23. h4 Qe5 24. Qxe5 dxe5 25. b5 Nd7 26. Red1 Nc5 27. Nd5 Rac8 28. Bh3 Rcd8 29.
Nxc7 Rxd1+ 30. Rxd1 Re7 31. Rd8+ Kh7 32. Nd5 Bxd5 33.
Rxd5 Na4 34. c4 Nc3 35. Rd7 Nxe2+ 36. Kf1 Rxd7 37. Bxd7 Nd4 38. b6 1-0

[Event "Late-Titled-Tuesday-Blitz-June-04-2024"]
[Site "Chess.com"]
[Date "2024.06.04"]
[Round "5"]
[White "VirtualCoach"]
[Black "ManMish2"]
[Result "0-1"]
[WhiteElo "2219"]
[BlackElo "2632"]
[TimeControl "180+1"]
[EndTime "14:54:59 PDT"]
[Termination "ManMish2 won on time"]

1. e4 e5 2. Nf3 Nc6 3. Bb5 a6 4. Ba4 Nf6 5. O-O Nxe4 6. d4 b5 7. Bb3 d5 8. dxe5 Be6 9. Nbd2 Bc5 10. c3 O-O 11. Bc2 Nxf2 12. Rxf2 f6 13. exf6 Bxf2+ 14. Kxf2 Qxf6 15. Kg1 Rae8 16. Bd3 Bg4 17. Qc2 Re1+ 18.
Kf2 Qh4+ 19. g3 Qxh2+ 20. Kxe1 Qxg3+ 21. Kd1 Qg1+ 22. Ke2 Re8+ 23. Ne4 Qg2+ 24. Ke1 Qxf3 25. Bd2 Qg3+ 26. Kf1 dxe4 27. Bxe4 Rf8+ 28. Bf5 Rxf5+ 29. Qxf5 Bxf5 0-1

[Event "Late-Titled-Tuesday-Blitz-June-04-2024"]
[Site "Chess.com"]
[Date "2024.06.04"]
[Round "5"]
[White "Seppppppy"]
[Black "Mikhail_Golubev"]
[Result "0-1"]
[WhiteElo "2199"]
[BlackElo "2508"]
[TimeControl "180+1"]
[EndTime "14:55:02 PDT"]
[Termination "Mikhail_Golubev won by checkmate"]

1. d4 Nf6 2. c4 g6 3. Nc3 Bg7 4.
e4 d6 5. h3 O-O 6. Be3 Nc6 7. d5 Ne5 8. f4 Ned7 9. g4 c6 10.
Nf3 cxd5 11. cxd5 b6 12. Bg2 Nc5 13. Nd4 Ba6 14. Nc6 Qe8 15. Nb4 Bb7 16. O-O Rc8 17.
g5 Nh5 18. Nd3 Ba6 19. Bxc5 bxc5 20. Rf3 Rb8 21. Rb1 Qd8 22. f5 Qb6 23. Kh1 Bxc3 24. fxg6 hxg6 25. Qc2 Bxd3 26. Rxd3 Be5 27. Qf2 c4 28.
Rf3 Qxf2 29. Rxf2 c3 30. Rc2 Rxb2 31. Bf1 Rxc2 32. Bd3 Rb2 33. Rg1 Rc8 34. Ba6 c2 35. h4 Rb1 36. Bxc8 Rxg1+ 37. Kxg1 c1=Q+ 38. Kf2 Qc2+ 39.
Kf3 Qxc8 40. Kg2 Qc3 41. Kf2 Bd4+ 42. Ke2 Nf4+ 43. Kd1 Qb2 44. Ke1 Be3 45. Kf1 Qf2# 0-1

[Event "Late-Titled-Tuesday-Blitz-June-04-2024"]
[Site "Chess.com"]
[Date "2024.06.04"]
[Round "5"]
[White "bubeliang"]
[Black "stolencandy13"]
[Result "1-0"]
[WhiteElo "2853"]
[BlackElo "2632"]
[TimeControl "180+1"]
[EndTime "14:55:03 PDT"]
[Termination "bubeliang won by checkmate"]

1. b3 f5 2. Bb2 Nf6 3. e3 Nc6 4. f4 e6 5. Nf3 d6 6. Be2 Be7 7. O-O O-O 8. Qe1 b6 9. d4 Bb7 10. Nbd2 Ne4 11. Nxe4 fxe4 12. Nd2 Nb4 13. Qd1 e5 14. fxe5 dxe5 15. Nc4 Rxf1+ 16. Bxf1 exd4 17. Bxd4 c5 18. Bb2 Bg5 19. Qg4 Qe7 20. Rd1 Bc6 21.
Ne5 Bxe3+ 22. Kh1 Bd4 23. Bc4+ Bd5 24. Bxd4 cxd4 25. Qxe4 Rd8 26. Rxd4 Bxc4 27. Rxd8+ Qxd8 28. Qxc4+ Nd5 29. Nc6 Qd6 30. Qxd5+ Qxd5 31. Ne7+ Kf7 32. Nxd5 Ke6 33. c4 b5 34. Kg1 Ke5 35. Kf2 Kd4 36.
Ne3 a5 37. cxb5 Kc5 38. a4 Kb4 39. b6 g5 40. b7 g4 41. b8=Q+ Ka3 42. Nc4+ Ka2 43.
b4 g3+ 44. Qxg3 h5 45. Qa3+ Kb1 46. Qb2# 1-0

[Event "Late-Titled-Tuesday-Blitz-June-04-2024"]
[Site "Chess.com"]
[Date "2024.06.04"]
[Round "5"]
[White "Mikhal867"]
[Black "Pig-filth"]
[Result "0-1"]
[WhiteElo "2499"]
[BlackElo "2324"]
[TimeControl "180+1"]
[EndTime "14:55:03 PDT"]
[Termination "Pig-filth won on time"]

1. d4 g6 2. e4 d6 3. Nc3 c6 4. f4 d5 5. e5 h5 6. Bd3 Nh6 7. h3 Na6 8. Nf3 Nb4 9. Nh4 Nxd3+ 10.
Qxd3 Nf5 11. Nxf5 Bxf5 12. Qe2 Qb6 13. Qf2 e6 14. O-O O-O-O 15. Na4 Qa5 16. b3 Be7 17. Bd2 Qc7 18. Qe1 Bxc2 19. Rc1 Be4 20. Ba5 b6 21. Bb4 Kb7 22. Qc3 Rc8 23. Bxe7 Qxe7 24. b4 Rhg8 25. Qd2 Bf5 26. Rf3 g5 27. Ra3 gxf4 28.
Qxf4 Rg6 29. Kh2 Rcg8 30. Rg1 Qxb4 31. Qe3 Rg3 32. Qxg3 Rxg3 33. Rxg3 Qxa4 34. Rg7 Bg6 35. Rf1 Qxd4 0-1

[Event "Late-Titled-Tuesday-Blitz-June-04-2024"]
[Site "Chess.com"]
[Date "2024.06.04"]
[Round "5"]
[White "JaackCamel"]
[Black "mostafa_sakha"]
[Result "1-0"]
[WhiteElo "2246"]
[BlackElo "2392"]
[TimeControl "180+1"]
[EndTime "14:55:04 PDT"]
[Termination "JaackCamel won on time"]

1. d4 Nf6 2. c4 e6 3. Nc3 Bb4 4. Qc2 O-O 5. a3 Bxc3+ 6. Qxc3 d5 7. Nf3 dxc4 8. Qxc4 b6 9. Bg5 Ba6 10. Qc2 Nbd7 11.
e3 Bxf1 12. Kxf1 h6 13. Bh4 c5 14. Rd1 Rc8 15. d5 exd5 16. Rxd5 Qc7 17. Rd1 Qb7 18.
Ke2 Qa6+ 19. Qd3 c4 20. Qd4 Rfe8 21. Ke1 Re4 22. Qc3 g5 23. Bg3 b5 24. Rd6 Rc6 25. Rd4 Nc5 26. Rd8+ Kh7 27. h4 Nd3+ 28. Ke2 g4 29. Ng5+ Kg6 30. Nxe4 Nxe4 31. Rg8+ Kf5 32. Qd4 Qa4 33. Qd5+ Kf6 34. Rc1 1-0

[Event "Late-Titled-Tuesday-Blitz-June-04-2024"]
[Site "Chess.com"]
[Date "2024.06.04"]
[Round "5"]
[White "protectiago"]
[Black "guineo59"]
[Result "1-0"]
[WhiteElo "2140"]
[BlackElo "2331"]
[TimeControl "180+1"]
[EndTime "14:55:04 PDT"]
[Termination "protectiago won by checkmate"]

1. d4 Nf6 2. c4 g6 3. Nc3 Bg7 4. e4 d6 5. Nf3 O-O 6. Be2 Na6 7. h3 e5 8. Be3 exd4 9. Nxd4 Re8 10. Qc2 Nc5 11.
Bf3 Qe7 12. O-O Ncxe4 13. Nd5 Nxd5 14. cxd5 Ng5 15. Rfe1 Nxf3+ 16. Nxf3 Bf5 17. Qb3 Rab8 18. Bd4 Qd7 19. Bxa7 b6 20. Bxb8 Rxb8 21. Rac1 Ra8 22. a3 Ra5 23. Rc6 h5 24. Qc4 Rc5 25.
Rxc5 dxc5 26. b4 Bf8 27. Ne5 Qd6 28. Nc6 cxb4 29. axb4 Bd7 30. Ne5 Bf5 31. Nf3 Qxb4 32. Qxc7 Bc5 33. Re8+ Kg7 34. Qe5+ f6 35. Qc7+ Kh6 36.
Rh8# 1-0

[Event "Late-Titled-Tuesday-Blitz-June-04-2024"]
[Site "Chess.com"]
[Date "2024.06.04"]
[Round "5"]
[White "SilverCityIndigo"]
[Black "AldokhinIvan"]
[Result "0-1"]
[WhiteElo "2468"]
[BlackElo "2645"]
[TimeControl "180+1"]
[EndTime "14:55:05 PDT"]
[Termination "AldokhinIvan won by resignation"]

1. d4 Nf6 2. Nf3 g6 3. c4 Bg7 4. g3 O-O 5. Bg2 d6 6. O-O Nbd7 7. b3 e5 8. Bb2 exd4 9. Nxd4 Re8 10. Nc3 h5 11.
Nc2 h4 12. Ne3 hxg3 13. hxg3 Rxe3 14. fxe3 Ng4 15. Rf4 Nxe3 16. Qd2 Nxg2 17. Kxg2 Ne5 18.
Rh1 b5 19. Nd5 bxc4 20. Rfh4 Bb7 21. Rh7 Qf8 22. e4 cxb3 23. axb3 Re8 24. Qb4 Ba8 25.
Nxc7 Rb8 26. Rxg7+ Kxg7 27. Qd4 Rxb3 28. Qxe5+ dxe5 29. Bxe5+ f6 30. Ne6+ Kf7 31. Nxf8 Bxe4+ 32. Kf2 Bxh1 33.
Bd6 Rd3 34. Bb4 Rd8 35. Kg1 Bd5 0-1

[Event "Late-Titled-Tuesday-Blitz-June-04-2024"]
[Site "Chess.com"]
[Date "2024.06.04"]
[Round "5"]
[White "janhelmer03"]
[Black "RantomOpening"]
[Result "0-1"]
[WhiteElo "2398"]
[BlackElo "2563"]
[TimeControl "180+1"]
[EndTime "14:55:06 PDT"]
[Termination "RantomOpening won on time"]

1. Nf3 e6 2. e3 Nf6 3. b3 d5 4. Bb2 Be7 5. d4 O-O 6. Bd3 c5 7. O-O b6 8. Nbd2 Bb7 9. Ne5 Nbd7 10. f4 Ne4 11. Nxd7 Qxd7 12. Nxe4 dxe4 13. Be2 Rfd8 14. Qe1 f5 15. Rd1 Qe8 16. Qg3 Bf6 17. c3 Rac8 18.
Rd2 cxd4 19. cxd4 Rc7 20. a4 Bd5 21. Bd1 Rdc8 22. Rff2 Qe7 23. Rc2 Bh4 24. Rxc7 Rxc7 25. Qh3 Bxf2+ 26. Kxf2 Qb4 27. Qh5 g6 28. Qh4 Qe7 29.
Qxe7 Rxe7 30. Ke2 Rc7 31. Kd2 Kf7 32. Ba3 h6 33. Bd6 Rc6 34. Be5 b5 35. axb5 Rb6 36. Be2 Bxb3 37. Kc3 Ba4 38. Kb4 Bxb5 39. Bxb5 a6 40.
Ka5 Rxb5+ 41. Kxa6 Rb3 42. d5 exd5 43. Bd4 Rd3 0-1

[Event "Late-Titled-Tuesday-Blitz-June-04-2024"]
[Site "Chess.com"]
[Date "2024.06.04"]
[Round "5"]
[White "RebecaJimnz"]
[Black "N_Mullodzhanov"]
[Result "0-1"]
[WhiteElo "2288"]
[BlackElo "2516"]
[TimeControl "180+1"]
[EndTime "14:55:08 PDT"]
[Termination "N_Mullodzhanov won on time"]

1. e4 c6 2. d4 d5 3. exd5 cxd5 4. Bd3 Nc6 5. c3 Nf6 6. h3 g6 7. Nf3 Bg7 8. O-O O-O 9. Bf4 Qb6 10. Qe2 a6 11.
Ne5 Ne4 12. Bxe4 dxe4 13. Nxc6 Qxc6 14. Nd2 f5 15. Qc4+ Qe6 16. d5 Qf7 17. Nb3 e5 18. Be3 Rd8 19. Rad1 b5 20. Qc5 Bf8 21. Qb6 Rxd5 22.
Na5 Be6 23. Rxd5 Bxd5 24. Rd1 Bxa2 25. Qc6 Re8 26. Qxa6 f4 27. Bc1 b4 28. c4 b3 29. Bd2 f3 30. Bc3 fxg2 31. Qb5 Bh6 32. Nc6 e3 33. f3 e2 0-1

[Event "Late-Titled-Tuesday-Blitz-June-04-2024"]
[Site "Chess.com"]
[Date "2024.06.04"]
[Round "5"]
[White "N_I_Chess"]
[Black "StoreySniper"]
[Result "0-1"]
[WhiteElo "2287"]
[BlackElo "2473"]
[TimeControl "180+1"]
[EndTime "14:55:08 PDT"]
[Termination "StoreySniper won on time"]

1. d4 g6 2. c4 Bg7 3. Nc3 c5 4. d5 f5 5. h4 Bxc3+ 6. bxc3 Nf6 7.
h5 Nxh5 8. e4 Qb6 9. e5 Qa5 10.
Bd2 d6 11. Be2 Ng7 12. e6 Nxe6 13. dxe6 Bxe6 14. Bf3 Nc6 15. Bd5 Bxd5 16. cxd5 Ne5 17. Nf3 Nd3+ 18. Kf1 c4 19. Rb1 O-O-O 20. Be3 b6 21.
Bd4 Qxd5 22. Bxh8 Rxh8 23. Qd2 f4 24. Kg1 e5 25. Kh2 g5 26. Rhd1 Rg8 27. Ne1 e4 28. Nxd3 cxd3 29. f3 g4 30. fxe4 g3+ 31. Kg1 Qc5+ 32.
Kf1 f3 33. Rb2 Rf8 34. Qxd3 Qh5 0-1

[Event "Late-Titled-Tuesday-Blitz-June-04-2024"]
[Site "Chess.com"]
[Date "2024.06.04"]
[Round "5"]
[White "Pachonpower"]
[Black "Agustin_Meza"]
[Result "1-0"]
[WhiteElo "2373"]
[BlackElo "2177"]
[TimeControl "180+1"]
[EndTime "14:55:08 PDT"]
[Termination "Pachonpower won by checkmate"]

1. d4 e6 2. Nf3 d5 3. e3 c5 4.
Nbd2 cxd4 5. exd4 Nf6 6. c3 Be7 7. Bd3 O-O 8. O-O Nc6 9. Qe2 a6 10. Ne5 Nxe5 11. dxe5 Nd7 12. f4 f5 13. exf6 Nxf6 14. g4 b5 15. g5 Ne8 16. Rf3 g6 17. Rh3 Ng7 18. Nf3 Bb7 19. Ne5 Bc5+ 20. Be3 Qb6 21.
Re1 Bxe3+ 22. Qxe3 Qxe3+ 23. Rexe3 Rxf4 24. Nd7 d4 25. cxd4 Rxd4 26. Nf6+ Kf7 27. Rxh7 Rad8 28. Bc2 Rd2 29. Bb3 Rg2+ 30. Kf1 Rxg5 31. Rxe6 Rf5+ 32. Ke2 Rxf6 33. Rb6+ Kf8 34. Rxf6+ Ke7 35. Rf7+ Kd6 36. Rhxg7 Re8+ 37. Kf2 Be4 38. Rd7+ Kc5 39. Rd2 Rf8+ 40. Ke1 a5 41. Re2 Bf5 42. Bc2 Bg4 43. Rf2 Rd8 44. Rxg6 Bd7 45. Rg5+ Kb6 46. Rf6+ Kc7 47.
Rc5+ Kb7 48. Be4+ Ka7 49. Rc7+ Kb8 50. Rb7+ Kc8 51. Rfb6 Re8 52. Rb8+ Kc7 53. R6b7+ Kd6 54. Rxe8 Bxe8 55. Ra7 Bd7 56. Bd3 Ke5 57. Rxa5 Kd4 58. Bxb5 Be6 59. h4 Bg4 60. Be2 Be6 61. h5 Bg8 62. h6 Bh7 63. Ra7 Bc2 64. Rg7 Ke3 65. Rg3+ Kf4 66. Rd3 Bxd3 67. Bxd3 Ke3 68. h7 Kf3 69.
h8=Q Kg3 70. Qe5+ Kf3 71. Qe4+ Kg3 72. Qf5 Kg2 73. Be4+ Kg1 74. Qg4+ Kh2 75. Qh4+ Kg1 76. Qf2# 1-0

[Event "Late-Titled-Tuesday-Blitz-June-04-2024"]
[Site "Chess.com"]
[Date "2024.06.04"]
[Round "5"]
[White "drdaro"]
[Black "simaopdias"]
[Result "1-0"]
[WhiteElo "2386"]
[BlackElo "2213"]
[TimeControl "180+1"]
[EndTime "14:55:09 PDT"]
[Termination "drdaro won on time"]

1. Nf3 d5 2. g3 Nf6 3. Bg2 e6 4. O-O Be7 5. d3 O-O 6. Re1 b6 7. Nbd2 Bb7 8. c3 Re8 9. Qc2 c5 10. e4 Nc6 11. h4 h6 12. Nf1 Bf8 13. a3 g6 14. e5 Nd7 15. d4 Bg7 16. Be3 Kh7 17.
N1h2 Rc8 18. Qd2 Na5 19. Ng4 Nc4 20. Qe2 Nxe3 21. Qxe3 cxd4 22. cxd4 Ba6 23. Bf1 Bc4 24. Bd3 Qc7 25. Rac1 Qb7 26. Bb1 f5 27. exf6 Nxf6 28.
Nxf6+ Bxf6 29. h5 Qg7 30. Bxg6+ Kh8 31. Bxe8 Rxe8 32. Ne5 Bb5 33. Ng6+ Kh7 34. Qf4 Bg5 35. Qd6 Bxc1 36. Rxc1 Qxd4 37. Rc7+ Kg8 38. Rxa7 Qd1+ 39. Kg2 Bf1+ 40. Kh2 Qxh5+ 41. Nh4 Qg4 42. Qd7 1-0

[Event "Late-Titled-Tuesday-Blitz-June-04-2024"]
[Site "Chess.com"]
[Date "2024.06.04"]
[Round "5"]
[White "mac0504"]
[Black "annasargsyan_m"]
[Result "1-0"]
[WhiteElo "2764"]
[BlackElo "2594"]
[TimeControl "180+1"]
[EndTime "14:55:12 PDT"]
[Termination "mac0504 won by resignation"]

1. c4 c6 2. Nc3 d5 3. e3 Nf6 4. b3 e5 5. Bb2 Bd6 6. Nf3 O-O 7. cxd5 cxd5 8. Nb5 Nc6 9. Nxd6 Qxd6 10. Bb5 e4 11. Nd4 Bd7 12. Be2 Rac8 13. O-O Rfe8 14. Rc1 a6 15. h3 Ne5 16. Rxc8 Bxc8 17.
f4 exf3 18. Nxf3 Ng6 19. Qa1 Nh5 20. Bd3 f6 21. Qe1 Ng3 22. Bxg6 hxg6 23. Be5 fxe5 24. Qxg3 Bf5 25. Ng5 Qb4 26. Rf2 Kf8 27. Nf3 Qe4 28.
Qg5 Kg8 29. g4 Bd7 30. Qh4 g5 31. Nxg5 Qb1+ 32. Kh2 Qg6 33. Nf7 Qh7 34. Qxh7+ Kxh7 35. Nd6 Rb8 36. Rf7 Bc6 37. Re7 e4 38. Nf5 Rg8 39. Kg3 Kg6 40. Kf4 Kf6 41. g5+ Kg6 42. h4 Kh7 43. h5 1-0

[Event "Late-Titled-Tuesday-Blitz-June-04-2024"]
[Site "Chess.com"]
[Date "2024.06.04"]
[Round "5"]
[White "wonderfultime"]
[Black "Abund"]
[Result "1-0"]
[WhiteElo "3055"]
[BlackElo "2806"]
[TimeControl "180+1"]
[EndTime "14:55:14 PDT"]
[Termination "wonderfultime won on time"]

1. d4 d5 2. Nf3 Nf6 3. Bf4 e6 4. e3 Bd6 5. Nbd2 O-O 6. Bd3 c5 7. c3 Bxf4 8. exf4 b6 9. Qe2 Qd6 10. g3 a5 11. O-O Ba6 12. Bxa6 Nxa6 13. Rfd1 Nb8 14. Nf1 Nc6 15. Ne3 g6 16. Rac1 Rfc8 17. c4 Nxd4 18. Nxd4 cxd4 19. Rxd4 b5 20. b3 Qc5 21. Rcd1 dxc4 22. bxc4 b4 23. g4 h6 24.
f5 exf5 25. gxf5 g5 26. Qb2 Ra6 27. h4 Kh7 28. hxg5 Rg8 29. g6+ fxg6 30. Rd7+ Rg7 31.
Rxg7+ Kxg7 32. Rd7+ Kf8 33. Rd8+ Ke7 34. Rh8 gxf5 35.
Rxh6 Kf7 36. Nd5 Nxd5 37. Rxa6 Nc3 38. Qd2 1-0

[Event "Late-Titled-Tuesday-Blitz-June-04-2024"]
[Site "Chess.com"]
[Date "2024.06.04"]
[Round "5"]
[White "The_Straightforward_Rook"]
[Black "Tol_Tol"]
[Result "0-1"]
[WhiteElo "2537"]
[BlackElo "2395"]
[TimeControl "180+1"]
[EndTime "14:55:14 PDT"]
[Termination "Tol_Tol won by checkmate"]

1. d4 Nf6 2. Nf3 g6 3. Nbd2 d5 4. b4 Bg7 5. Bb2 O-O 6. e3 Nbd7 7. Be2 a5 8. c3 Nb6 9. a4 axb4 10. cxb4 Bf5 11.
a5 Nbd7 12. O-O Ne4 13. Nb3 c6 14. Ne1 e5 15. dxe5 Nxe5 16. Nd4 Bd7 17. Nd3 Nc4 18. Bc1 Nc3 19. Qc2 Nxe2+ 20. Qxe2 Qe7 21. Qc2 Rfe8 22. Nc5 Bc8 23. Bb2 Nxb2 24. Qxb2 f5 25. g3 g5 26. Rad1 f4 27. exf4 gxf4 28. Qd2 Bh3 29. Rfe1 Qf7 30. Ncb3 fxg3 31. fxg3 Rxe1+ 32. Rxe1 Rf8 33. Qe2 Kh8 34. a6 bxa6 35. Nxc6 d4 36.
Nbxd4 Qd7 37. Qe3 Qd5 38. Qe4 Qxe4 39. Rxe4 Rf1# 0-1

[Event "Late-Titled-Tuesday-Blitz-June-04-2024"]
[Site "Chess.com"]
[Date "2024.06.04"]
[Round "5"]
[White "Bond_7_7_7"]
[Black "DirtyKabab"]
[Result "1-0"]
[WhiteElo "2442"]
[BlackElo "2565"]
[TimeControl "180+1"]
[EndTime "14:55:15 PDT"]
[Termination "Bond_7_7_7 won on time"]

1. e4 e6 2. d4 d5 3. e5 b6 4. c3 Qd7 5. Nf3 Ba6 6. Bxa6 Nxa6 7. O-O c5 8. a4 Ne7 9. a5 Nc6 10. axb6 axb6 11. Qe2 c4 12. b3 b5 13. bxc4 bxc4 14.
Bg5 h6 15. Bh4 Be7 16. Bxe7 Kxe7 17. Nbd2 Nc7 18. Nh4 g5 19. Nhf3 Rxa1 20. Rxa1 Ra8 21. Rf1 Ra3 22. Nb1 Rb3 23. Qc2 Qe8 24. Nfd2 Rb7 25.
f4 gxf4 26. Rxf4 Qg8 27. Nf3 Qg6 28. Qxg6 fxg6 29. Nbd2 Rb2 30. Kf2 g5 31. Rg4 Nb5 32. h4 Nxc3 33. hxg5 hxg5 34. Ke3 Nb5 35. Rxg5 Nbxd4 36.
Nxd4 Nxd4 37. Nxc4 Nc2+ 38. Kd3 dxc4+ 39. Kc3 Ra2 40. Rg7+ Kf8 41. Rg6 Kf7 42. Rf6+ Ke7 43. Rf2 Ra3+ 44. Kxc4 Ne3+ 45. Kd4 Nf5+ 46. Ke4 Rg3 47.
Kf4 Kf7 48. Rb2 Kg6 49. Rb6 1-0